 Dungeon Crawl Stone Soup version 0.28-a0-1395-g4f6bc678fa (webtiles) character file.

Game seed: 8409501933040747400

14 vineage the Skirmisher (level 2, 7/25 HPs)
             Began as a Demonspawn Fighter on Jan 4, 2022.
             Quit the game on level 1 of the Dungeon.
             The game lasted 00:00:22 (107 turns).

vineage the Skirmisher (Demonspawn Fighter)          Turns: 107, Time: 00:00:22

Health: 7/25       AC:  6    Str: 16    XL:     2   Next: 27%
Magic:  2/2        EV:  9    Int: 11    God:
Gold:   7          SH:  4    Dex: 12    Spells: 1/1 levels left

rFire   . . .      SeeInvis .   a - +0 flail
rCold   . . .      Faith    .   c - +0 buckler
rNeg    . . .      Spirit   .   b - +0 scale mail
rPois   .          Reflect  .   (no helmet)
rElec   .          Harm     .   (no cloak)
rCorr   .          Rampage  .   (no gloves)
Will    .....                   (no boots)
Stlth   ..........              (no amulet)
HPRegen 0.08/turn               (no ring)
MPRegen 0.08/turn               (no ring)

@: no status effects
A: big brain 1
a: no special abilities


You were on level 1 of the Dungeon.
You visited 1 branch of the dungeon, and saw 1 of its levels.

You collected 7 gold pieces.

Inventory:

Hand Weapons
 a - a +0 flail (weapon)
Armour
 b - a +0 scale mail (worn)
 c - a +0 buckler (worn)
Potions
 d - a potion of might


   Skills:
 + Level 3.7 Fighting
 - Level 1.7 Maces & Flails
 - Level 2.6 Armour
 + Level 0.1 Dodging
 - Level 2.6 Shields


You had one spell level left.
You didn't know any spells.
Your spell library was empty.

Dungeon Overview and Level Annotations

Branches:
Dungeon (1/15)

Altars:


Innate Abilities, Weirdness & Mutations

You have an unusually large brain. (Int +2)


Message History

The endoplasm is moderately wounded.
The endoplasm hits you but does no damage.
You hit the endoplasm but do no damage.
The endoplasm is moderately wounded.
The endoplasm closely misses you.
You sock the endoplasm!
You kill the endoplasm!
You hit the endoplasm but do no damage. You block the endoplasm's attack.
The endoplasm freezes you.
You are frozen.
You are too injured to fight recklessly!
You are too injured to fight recklessly!
You are too injured to fight recklessly!
You are too injured to fight recklessly!
You are too injured to fight recklessly!
You are too injured to fight recklessly!
You are too injured to fight recklessly!
You are too injured to fight recklessly!
You are too injured to fight recklessly!
You are too injured to fight recklessly!
You are too injured to fight recklessly!
You are too injured to fight recklessly!
You are too injured to fight recklessly!
You are too injured to fight recklessly!
You are too injured to fight recklessly!
You are too injured to fight recklessly!
You are too injured to fight recklessly!
You are too injured to fight recklessly!
You hit the endoplasm.
You kill the endoplasm!
You block the hobgoblin's attack.
You hit the hobgoblin.
The hobgoblin is moderately wounded.
The hobgoblin hits you.
* * * LOW HITPOINT WARNING * * *
You hit the hobgoblin.
You kill the hobgoblin!
Things that are here:
a hobgoblin corpse; a bat corpse; a ball python corpse Are you sure you want to abandon this character and quit the game? (Confirm with "yes".)

#. .$## ... ... ... ...
#.### ....... #...###
##....... ### ###...######
#.. ..... )....#......@†..#
#.# .....
............###.#####.##....
..........†..##.........#
.............#####......###
.............# #........#
.............# ########.#
.............# #.##
.............# #..#
............## ##.##


There were no monsters in sight!

Vanquished Creatures
  A ball python (D:1)
  2 bats (D:1)
  2 endoplasms (D:1)
  A hobgoblin (D:1)
  3 jackals (D:1)
  A quokka (D:1)
10 creatures vanquished.

Notes
Turn   | Place    | Note
-------+----------+-------------------------------------------
     0 | D:1      | vineage the Demonspawn Fighter began the quest for the Orb.
     0 | D:1      | Reached XP level 1. HP: 18/18 MP: 1/1
    97 | D:1      | Gained mutation: You have an unusually large brain. (Int
                  | +2) [demonic ancestry]
    97 | D:1      | Reached XP level 2. HP: 16/24 MP: 2/2
   107 | D:1      | Quit the game

Illustrated notes

Levels and vault maps discovered:
D:1:      minmay_arrival_jagged, layout_rooms, basic_ecumenical_altar,
          minmay_pentomino_p4

Action                   || total
-------------------------++-------
Melee: Flail             ||    24
Armor: Scale mail        ||    11
Dodge: Dodged            ||    14
Block: Buckler           ||    10

Table legend: (Time is in decaauts)
 A = Elapsed time spent in this place.
 B = Non-inter-level travel time spent in this place.
 C = Inter-level travel time spent in this place.
 D = Time resting spent in this place.
 E = Time spent auto-exploring this place.
 F = Levels seen in this place.
 G = Mean time per level.
                   A        B        C        D        E       F      G
               +--------+--------+--------+--------+--------+-----+--------+
         Total |    115 |    115 |      0 |      0 |     61 |   1 |  115.0 |
       Dungeon |    115 |    115 |      0 |      0 |     61 |   1 |  115.0 |
               +--------+--------+--------+--------+--------+-----+--------+

Top non-repeatable levels by time:
     D:1: 115 daAuts
